 Dungeon Crawl Stone Soup version 0.23-a0-378-gd7a6ca6 (webtiles) character file.

31 smcx the Skirmisher (level 3, -1/33 HPs)
             Began as a Minotaur Berserker on Oct 27, 2018.
             Was a Follower of Trog.
             Slain by Crazy Yiuf
             ... wielding a +2 quarterstaff of chaos
              (11 damage)
             ... on level 2 of the Dungeon.
             The game lasted 00:03:11 (1179 turns).

smcx the Skirmisher (Minotaur Berserker)            Turns: 1179, Time: 00:03:12

Health: -1/33      AC:  5    Str: 22    XL:     3   Next: 7%
Magic:  2/2        EV: 11    Int:  4    God:    Trog [*.....]
Gold:   56         SH:  0    Dex:  9    Spells: 2/2 levels left

rFire    . . .     SeeInvis .   a - +0 hand axe
rCold    . . .     Gourm    .   (no shield)
rNeg     . . .     Faith    .   k - +0 ring mail
rPois    .         Spirit   .   (helmet restricted)
rElec    .         Reflect  .   (no cloak)
rCorr    .         Harm     .   (no gloves)
MR       .....                  (no boots)
Stlth    ..........             (no amulet)
HPRegen  0.11/turn              (no ring)
MPRegen  0.08/turn              (no ring)

@: confused
A: retaliatory headbutt, horns 2
a: Berserk, Renounce Religion


You were on level 2 of the Dungeon.
You worshipped Trog.
Trog was aware of your devotion.
You were not hungry.

You visited 1 branch of the dungeon, and saw 2 of its levels.

You collected 56 gold pieces.

Inventory:

Hand Weapons
 a - a +0 hand axe (weapon)
Missiles
 j - 7 needles of confusion
 n - 12 poisoned needles
Armour
 b - a +0 animal skin
 k - a +0 ring mail (worn)
Scrolls
 d - a scroll of identify {unknown}
 e - a scroll of fog {unknown}
 g - a scroll of remove curse {unknown}
 m - a scroll of enchant weapon {unknown}
Potions
 h - 2 potions of degeneration {unknown}
 i - a potion of lignification {unknown}
 l - 2 potions of might {unknown}
Comestibles
 c - 3 rations
 f - a chunk of flesh


   Skills:
 + Level 4.2 Fighting
 + Level 4.1 Axes
 + Level 3.2 Armour
 - Level 2.1 Dodging


You had 2 spell levels left.
You didn't know any spells.
Your spell library was empty.

Dungeon Overview and Level Annotations

Branches:
Dungeon (2/15)

Altars:

Annotations:
D:2 Crazy Yiuf


Innate Abilities, Weirdness & Mutations

You reflexively headbutt those who attack you in melee.
You have a pair of horns on your head.


Message History

You hit Crazy Yiuf.
Crazy Yiuf is moderately wounded.
Crazy Yiuf hits you with a +2 quarterstaff of chaos.
You barely miss Crazy Yiuf.
Crazy Yiuf is moderately wounded.
Crazy Yiuf misses you.
You barely miss Crazy Yiuf.
Crazy Yiuf is moderately wounded.
Crazy Yiuf hits you with a +2 quarterstaff of chaos!
You barely miss Crazy Yiuf.
Crazy Yiuf is moderately wounded.
Crazy Yiuf hits you with a +2 quarterstaff of chaos!
Crazy Yiuf freezes you.
You hit Crazy Yiuf but do no damage. Your headbutt misses Crazy Yiuf.
Crazy Yiuf is moderately wounded.
Crazy Yiuf hits you but does no damage.
You are confused.
You bump into the tree.
Crazy Yiuf hits you with a +2 quarterstaff of chaos!
You die...

#.# ...# #...# #...#
#### ♣♣##...# #)..#♣♣
♣♣......###
#..g@.♣♣♣♣..........
#...#♣..♣.......#####
#### ♣♣♣.♣.....>.....
♣♣♣♣♣##..#####
#..##### #######
####.......
#.....####......####
#.....'....)....#
#.....####.....##


You could see Crazy Yiuf.

Vanquished Creatures
  A dart slug (D:1)
  A leopard gecko (D:1)
  A giant cockroach (D:1)
  4 goblins (D:1)
  7 hobgoblins
  5 bats
  2 kobolds (D:1)
  4 rats (D:1)
25 creatures vanquished.

Notes
Turn   | Place    | Note
-------+----------+-------------------------------------------
     0 | D:1      | smcx the Minotaur Berserker began the quest for the Orb.
     0 | D:1      | Reached XP level 1. HP: 19/19 MP: 0/0
   192 | D:1      | Reached XP level 2. HP: 19/27 MP: 1/1
   930 | D:1      | Reached XP level 3. HP: 33/33 MP: 2/2
  1168 | D:2      | Found a runed door.
  1172 | D:2      | Noticed Crazy Yiuf
  1179 | D:2      | Slain by Crazy Yiuf

Vault maps used:
D:1:      eino_arrival_druids_welcome, minmay_hexomino_p4
D:2:      dancing_weapons_uskayaw, uniq_terence, uniq_crazy_yiuf_cottage

Skill      XL: |  1  2 |
---------------+-------+-----
Fighting       | 4 |  4.2
Axes           | 4 |  4.1
Armour         | 3 |  3.2
Dodging        | |  2.1

Action                   || total
-------------------------++-------
Melee: Hand axe          ||    62
       Headbutt          ||    10
  Eat: Chunk             ||     1
Armor: Animal skin       ||     3
       Ring mail         ||     6
Dodge: Dodged            ||    29

Table legend:
 A = Non-vault XP
 B = Vault XP
 C = Vault XP percentage of total XP
 D = Non-vault monster count
 E = Vault monster count
 F = Vault count percentage of total count
                 A         B        C        D         E       F
            +---------+---------+-------+---------+---------+-------
      Total |      40 |       5 |  11.1 |      23 |       2 |   8.0
            +---------+---------+-------+---------+---------+-------
        D:1 |      36 |       5 |  12.2 |      21 |       2 |   8.7
        D:2 |       4 |       0 |   0.0 |       2 |       0 |   0.0
            +---------+---------+-------+---------+---------+-------
